 Dungeon Crawl Stone Soup version 0.28.0-55-gcd9437bce4 (webtiles) character file.

Game seed: 6136787435547164306

11 nerdsy the Grave Robber (level 2, 0/22 HPs)
             Began as a Deep Dwarf Necromancer on Jan 1, 2023.
             Slain by a hobgoblin (1 damage)
             ... on level 2 of the Dungeon.
             The game lasted 00:03:36 (829 turns).

nerdsy the Grave Robber (Deep Dwarf Necromancer)     Turns: 829, Time: 00:03:37

Health: 0/22       AC:  7    Str: 11    XL:     2   Next: 13%
Magic:  4/4        EV: 10    Int: 15    God:
Gold:   41         SH:  0    Dex: 13    Spells: 3/4 levels left

rFire   . . .      SeeInvis .   (no weapon)
rCold   . . .      Faith    .   (no shield)
rNeg    . . .      Spirit   .   b - +0 ring mail
rPois   .          Reflect  .   d - +2 hat
rElec   .          Harm     .   (no cloak)
rCorr   .          Rampage  .   (no gloves)
Will    .....                   (no boots)
Stlth   +.........              (no amulet)
HPRegen 0.00/turn               (no ring)
MPRegen 0.09/turn               (no ring)

@: no status effects
A: damage resistance, heal wounds, sense surroundings 1, no regeneration
a: Heal Wounds


You were on level 2 of the Dungeon.
You visited 1 branch of the dungeon, and saw 2 of its levels.

You collected 41 gold pieces.

Inventory:

Missiles
 a - 23 bolts
 c - 26 stones
 e - 36 arrows
Armour
 b - a +0 ring mail (worn)
 d - a +2 hat (worn)
Scrolls
 f - a scroll of identify {unknown}


   Skills:
 + Level 0.2 Armour
 + Level 2.3 Dodging
 + Level 2.4 Stealth
 + Level 1.8 Spellcasting
 + Level 4.8 Necromancy


You had 3 spell levels left.
You knew the following spells:

 Your Spells              Type           Power      Damage    Failure   Level
a - Pain                  Necr           60%        1d7       8%          1

Your spell library contained the following spells:

 Spells                   Type           Power      Damage    Failure   Level
 Animate Skeleton         Necr           30%        N/A       8%          1
 Vampiric Draining        Necr           15%        2d7       22%         3
 Animate Dead             Necr           7%         N/A       58%         4
 Agony                    Necr           15%        N/A       91%         5


Dungeon Overview and Level Annotations

Branches:
Dungeon (2/15)

Altars:


Innate Abilities, Weirdness & Mutations

You are resistant to damage.
You can heal yourself by infusing magical energy.
You passively map a small area around you.
You do not regenerate.


Message History

The quokka is almost dead.
The hobgoblin hits you. The quokka bites you.
* * * LOW HITPOINT WARNING * * *
The rat bites you but does no damage.
You hit the quokka.
You kill the quokka!
The hobgoblin barely misses you. The rat barely misses you.
The dart slug launches a dart at you.
The slug dart hits you but does no damage.
The hobgoblin hits you.
You see here a quokka corpse.
You hit the dart slug.
The dart slug is lightly wounded.
The dart slug completely misses you.
The hobgoblin hits you but does no damage.
The rat barely misses you.
You hit the dart slug.
The dart slug is lightly wounded.
The hobgoblin hits you but does no damage.
The rat bites you.
You hit the dart slug.
The dart slug is moderately wounded.
The dart slug bites you but does no damage.
The hobgoblin barely misses you. The rat barely misses you.
You hit the dart slug.
The dart slug is heavily wounded.
The dart slug closely misses you. The hobgoblin barely misses you.
The rat completely misses you.
You hit the dart slug.
The dart slug is severely wounded.
The hobgoblin barely misses you. The rat completely misses you.
You hit the dart slug but do no damage.
The dart slug is severely wounded.
The dart slug bites you. The hobgoblin hits you.
* * * LOW HITPOINT WARNING * * *
The rat barely misses you.
You hit the dart slug.
The dart slug is almost dead.
The dart slug bites you. The hobgoblin hits you.
You die...

, , , , ,, ## > , ..#.
#. * ,* .## , #.#. ,
#.. * ... #..# .. ,
..###### *#..# ##.# ,
..#...<#, #..###..*
#.#.####.##...##w# ,,*
#.#......##.#.##@#,
....#######.#.#rg# ###[
#.#...........#..#.....
, #.####....#.#.#.....#
* ............#.#.#####
, *
#...................#
######....#########.#
#....# * ,* #..<.# ,,


You could see a dart slug, a hobgoblin and a rat.

Vanquished Creatures
  A dart slug (D:1)
  A giant cockroach (D:1)
  A goblin (D:1)
  A hobgoblin (D:1)
  2 quokkas
  A bat (D:1)
  A rat (D:1)
8 creatures vanquished.

Notes
Turn   | Place    | Note
-------+----------+-------------------------------------------
     0 | D:1      | nerdsy the Deep Dwarf Necromancer began the quest for the
                  | Orb.
     0 | D:1      | Reached XP level 1. HP: 15/15 MP: 3/3
   480 | D:1      | Reached XP level 2. HP: 14/22 MP: 4/4
   493 | D:1      | Found a faded altar of an unknown god.
   828 | D:2      | HP: 1/22 [hobgoblin (1)]
   829 | D:2      | Slain by a hobgoblin

Illustrated notes

Levels and vault maps discovered:
D:1:      giann_horns, layout_basic, dreamdust_ecumenical_altar_statues,
          serial_curves, eino_curves_02, eino_curves_01, eino_curves_03,
          eino_curves_02, minmay_misc_feat_cross, minmay_pentomino_q4
D:2:      minmay_evil_eye, layout_basic, uniq_terence

Action                   || total
-------------------------++-------
Melee: Unarmed           ||    74
 Cast: Pain              ||     8
Armor: Ring mail         ||    60
Dodge: Dodged            ||    96
